 Dungeon Crawl Stone Soup version 0.22.1-2-g9c5b331383 (webtiles) character file.

53 tidbits the Sneak (level 3, 10/15 HPs)
             Began as a Felid Transmuter on Nov 18, 2018.
             Quit the game on level 3 of the Dungeon.
             The game lasted 00:04:28 (464 turns).

tidbits the Sneak (Felid Transmuter)                 Turns: 464, Time: 00:04:29

Health: 10/15      AC:  1    Str:  6    XL:     3   Next: 62%
Magic:  0/7        EV: 18    Int: 15    God:
Gold:   22         SH:  0    Dex: 16    Spells: 0/6 levels left
                                        Lives:  0   Deaths: 0

rFire    . . .     SeeInvis +     - Unarmed
rCold    + . .     Gourm    +   (shield unavailable)
rNeg     . . .     Faith    .   (armour unavailable)
rPois    .         Spirit   .   (helmet unavailable)
rElec    .         Reflect  .   (cloak unavailable)
rCorr    .         Harm     .   (gloves unavailable)
MR       .....                  (boots unavailable)
Stlth    +++.......             f - amulet of the gourmand
HPRegen  0.05/turn              g - ring of protection from cold
MPRegen  0.10/turn              (no ring)

@: appendage, very slightly contaminated, quick
A: very small, no armour, no weapons or thrown items, stealth, claws 1, fangs 3,
horns 2, see invisible, carnivore, speed 1, shaggy fur 1, slow metabolism 1,
sharp paws
a: End Transformation


You were on level 3 of the Dungeon.
You were very full.
You had grown temporary horns.
You visited 1 branch of the dungeon, and saw 3 of its levels.

You collected 22 gold pieces.

Inventory:

Missiles
 a - 7 arrows
Jewellery
 f - an amulet of the gourmand (around neck)
   (You took it off a kobold on level 1 of the Dungeon)
 g - a ring of protection from cold (left paw)
   (You found it on level 2 of the Dungeon)
Scrolls
 e - a scroll of immolation {!r}
Potions
 d - a potion of curing
Comestibles
 c - 3 rations


   Skills:
 - Level 1.0 Fighting
 - Level 2.6 Dodging
 + Level 4.4 Stealth
 - Level 3.0 Unarmed Combat
 - Level 2.0 Spellcasting
 + Level 2.4 Transmutations
 + Level 0.6 Poison Magic


You couldn't memorise any spells.
You knew the following spells:

 Your Spells              Type           Power        Failure   Level  Hunger
e - Beastly Appendage     Tmut           #.....       9%          1    #......
k - Sticks to Snakes      Tmut           #.......     12%         2    ###....
p - Spider Form           Tmut/Pois      #.........   34%         3    ###....

Your spell library contained the following spells:

 Spells                   Type           Power        Failure   Level  Hunger
 Ice Form                 Ice/Tmut       #.......     80%         4    #####..
 Blade Hands              Tmut           #.........   92%         5    ######.


Dungeon Overview and Level Annotations

Branches:
Dungeon (3/15)

Altars:

Annotations:
D:2 exclusions: hobgoblin and jackal


Innate Abilities, Weirdness & Mutations

You cannot wear armour.
You are incapable of wielding weapons or throwing items.
Your paws allow you to move quietly. (Stealth)
You have sharp claws.
You have razor-sharp teeth.
You have supernaturally acute eyesight. (SInv)
You are carnivorous and can eat meat at any time.
You cover ground quickly.
You are covered in fur. (AC +1)
You have a slow metabolism.
Your sharp claws are effective at attacking unaware monsters.
You have a pair of horns on your head.


Message History

Confirm with . or Enter, or press ? or * to list all spells.
You grow a pair of large bovine horns.
Casting: Beastly Appendage (safe; 9% risk of failure)
Confirm with . or Enter, or press ? or * to list all spells.
You create a snake!
You now have 7 arrows.
Unknown command.
Your ball python closely misses the kobold.
Your ball python barely misses the kobold.
The kobold completely misses you.
Unknown command.
You scratch the kobold.
You kill the kobold!
You see here a blackened pearl amulet.
f - a blackened pearl amulet Put on which piece of jewellery? (? for menu, Esc to quit)
You feel a craving for the dungeon's cuisine.
f - an amulet of the gourmand (around neck)
Your transformation is almost over.
There is a stone staircase leading down here.
You climb downwards.
Your summoned ally is left behind.
Level annotation: exclusions: hobgoblin and jackal
Found a cabochon ring.
Found a stone staircase leading down.
There is a stone staircase leading up here.
Your horns disappear.
Unknown command.
Found a scroll labeled YFEHOD VEMOYTU.
Found a cloak.
Found a stone staircase leading down.
You see here a cabochon ring.
Unknown command.
g - a cabochon ring Put on which piece of jewellery? (? for menu, Esc to quit)
g - a ring of protection from cold (left paw)
A leopard gecko comes into view.
Unknown command.
You pounce on the unaware helpless leopard gecko!
You claw the leopard gecko!
You kill the leopard gecko!
Found 7 gold pieces.
You see here a scroll labeled YFEHOD VEMOYTU.
h - a scroll labeled YFEHOD VEMOYTU
There is a stone staircase leading down here.
You climb downwards.
An adder, a hobgoblin and an orc come into view.
There is a stone staircase leading up here.
Unknown command.
You pounce on the unaware helpless orc!
You mangle the orc!!
You kill the orc! 4 orcs come into view.
Found 17 bolts and a copper ring.
Unknown command.
You pounce on the unaware helpless adder!
You claw the adder!
You kill the adder!
Found a stone staircase leading up.
You pounce on the unaware helpless orc!
You mangle the orc!!
You kill the orc!
Things that are here:
a leather armour; an orc corpse The orc shouts!
You hear a shout!
You see here 17 bolts.
Unknown command.
Casting: Sticks to Snakes (safe; 12% risk of failure)
Confirm with . or Enter, or press ? or * to list all spells.
You miscast Spider Form.
You are very lightly contaminated with residual magic.
You feel a strange surge of energy! The orc completely misses you.
Casting: Spider Form (safe; 34% risk of failure)
Confirm with . or Enter, or press ? or * to list all spells.
You miscast Spider Form.
Your skin tingles.
A goblin comes into view. It is wielding a dagger of pain.
The orc misses you.
Casting: Spider Form (safe; 34% risk of failure)
Confirm with . or Enter, or press ? or * to list all spells.
You grow a pair of large bovine horns.
A centaur skeleton comes into view.
The goblin closely misses you.
Things that are here:
a leather armour; an orc corpse It was a potion of curing.
You feel better. The orc misses you. The goblin closely misses you.
You scratch the goblin but do no damage.
The orc closely misses you. The goblin completely misses you.
As you read the scroll labeled QIS VAES DOREPS, it crumbles to dust.
The creatures around you are filled with an inner flame!
It was a scroll of immolation.
The orc misses you.
The goblin hits you with a dagger of pain.
Are you sure you want to abandon this character and quit the game? (Confirm
Okay, then.
Unknown command.
As you read the scroll labeled YFEHOD VEMOYTU, it crumbles to dust.
You feel aware of your surroundings.
You sensed 1 altar.
It was a scroll of magic mapping.
The orc barely misses you.
The goblin hits you with a dagger of pain.
As you read the scroll labeled WIBRIN FOTOLA, it crumbles to dust.
You feel blessed for a moment.
It was a scroll of remove curse.
The goblin barely misses you. The orc closely misses you.
Are you sure you want to abandon this character and quit the game? (Confirm

*,* *,.# *,* *,**##* *..*
*,* *,,,..* ###=,# *,*
****#.* #..,.# *,* * #.*
#.##.###*,*** *
****######†#####.......,,,,*
**
*,,,.......<....Z.#,,,,,,*,*
*,
*,**######.#####g##*******,*
**, *,* #.* #@# *,* *,* *,*
#.* #o# *,* **,* *,* #.* #o#
*,* *,** *,* #.* #o# *** *,*
*,* *,* #.* #.# **_* *,*
*,** *,* #g* #.#***,,***,*
*,,, *,* **,* #<.,*,,*,,*,*
**,, *,*******,,*
###,*,*,,,*,* **,
*,,*,,,,,,** *,*,,,*,*** *,


You could see 3 orcs, a goblin (inner flame) and a centaur skeleton (inner
flame).

Vanquished Creatures
  An adder (D:3)
  3 dart slugs
  A leopard gecko (D:2)
  2 orcs (D:3)
  2 giant cockroaches
  8 goblins (D:1)
  4 kobolds (D:1)
  3 bats (D:1)
  6 rats (D:1)
30 creatures vanquished.

Vanquished Creatures (collateral kills)
  A dart slug (D:1)
  A leopard gecko (D:1)
2 creatures vanquished.

Grand Total: 32 creatures vanquished

Notes
Turn   | Place    | Note
-------+----------+-------------------------------------------
     0 | D:1      | tidbits the Felid Transmuter began the quest for the Orb.
     0 | D:1      | Reached XP level 1. HP: 9/9 MP: 4/4
    26 | D:1      | Reached skill level 1 in Stealth
   108 | D:2      | Reached skill level 2 in Stealth
   111 | D:2      | Reached XP level 2. HP: 10/12 MP: 6/6
   115 | D:2      | Learned a level 2 spell: Sticks to Snakes
   155 | D:1      | Reached skill level 3 in Stealth
   272 | D:1      | Reached skill level 4 in Stealth
   283 | D:1      | Reached XP level 3. HP: 11/15 MP: 2/7
   289 | D:1      | Learned a level 3 spell: Spider Form
   464 | D:3      | Quit the game

Skill      XL: |  1  2 |
---------------+-------+-----
Stealth        | 2 4 |  4.4
Fighting       | |  1.0
Dodging        | |  2.6
Unarmed Combat | |  3.0
Spellcasting   | |  2.0
Transmutations | |  2.4
Poison Magic   | |  0.6

Action                   || total
-------------------------++-------
Melee: Unarmed           ||    57
       Bite              ||     6
       Headbutt          ||     4
       Punch             ||     1
 Cast: Beastly Appendage ||     9
       Sticks to Snakes  ||     5
  Use: Scroll            ||     3
       Potion            ||     1
 Stab: Sleeping          ||     7
  Eat: Chunk             ||     5
Armor: Skin              ||     3
Dodge: Dodged            ||    37

Table legend:
 A = Turns spent in this place as a percentage of turns spent in the entire game.
 B = Non-inter-level travel turns spent in this place as a percentage of non-inter-level travel turns spent in the entire game.
 C = Inter-level travel turns spent in this place as a percentage of turns spent in this place.
 D = Turns resting spent in this place as a percentage of non-inter-level travel turns spent in this place.
 E = Turns spent auto-exploring this place as a percentage of non-inter-level travel turns spent in this place.
 F = Non-inter-level travel turns spent in this place divided by the number of levels of this place that you've seen.
                   A       B       C       D       E      F
               +-------+-------+-------+-------+-------+----------------------
         Total | 100.0 | 100.0 |   7.1 |   0.0 |   0.0 | 143.7
       Dungeon | 100.0 | 100.0 |   7.1 |   0.0 |   0.0 | 143.7
               +-------+-------+-------+-------+-------+----------------------

Table legend:
 A = Kills in this place as a percentage of kills in entire the game.
 B = Kills by you in this place as a percentage of kills by you in the entire game.
 C = Kills by friends in this place as a percentage of kills by friends in the entire game.
 D = Other kills in this place as a percentage of other kills in the entire game.
 E = Experience gained in this place as a percentage of experience gained in the entire game.
 F = Experience gained in this place divided by the number of levels of this place that you have seen.
                   A       B       C       D       E      F
               +-------+-------+-------+-------+-------+----------------------
         Total | 100.0 | 100.0 | 100.0 |   N/A | 100.0 |  25.3
       Dungeon | 100.0 | 100.0 | 100.0 |   N/A | 100.0 |  25.3
               +-------+-------+-------+-------+-------+----------------------

Vault maps used:
D:1:      dpeg_arrival_tiny_j, grunt_decor_arrowhead
D:2:      nicolae_overflow_crystal_walls
D:3:      kb_forest_paths, marbit_many_paths, first_ration
